 Dungeon Crawl Stone Soup version 0.32-a0-616-g9348d4545b (webtiles) character file.

Game seed: 11896416731050018596

427 ezpacito the Chopper (level 6, -3/48 HPs)
             Began as a Coglin Chaos Knight on Mar 6, 2024.
             Was a Plaything of Xom.
             Slain by a water moccasin (6 damage)
             ... on level 5 of the Dungeon.
             The game lasted 00:04:15 (3169 turns).

ezpacito the Chopper (Coglin Chaos Knight)          Turns: 3169, Time: 00:04:16

Health: -3/48      AC: 11    Str: 14    XL:     6   Next: 97%
Magic:  7/7        EV:  7    Int: 11    God:    Xom [.*....]
Gold:   234        SH:  0    Dex: 14    Spells: 4/7 levels left

rFire   . . .        a - +0 hand axe (chaos) {Nakurtum}
rCold   . . .        j - +1 mace (holy) {Septimus}
rNeg    . . .        q - +0 chain mail
rPois   .            (helmet restricted)
rElec   +            o - +0 cloak
rCorr   .            (no gloves)
SInv    .            h - +0 pair of boots
Will    .....        (amulet unavailable) Stlth
                     (ring unavailable)
HPRegen 0.28/turn    (ring unavailable)
MPRegen 0.10/turn    (no gizmo)

%: no passive effects
@: lethally poisoned (-3 -> -22), attractive
A: off-hand wielding, slow wielding, warmup strikes, no jewellery, antennae 1,
electricity resistance
a: Invent Gizmo, Renounce Religion


You were on level 5 of the Dungeon.
You worshipped Xom.
You were a plaything of Xom.
You visited 2 branches of the dungeon, and saw 6 of its levels.

You collected 234 gold pieces.

Inventory:

Hand Weapons
 a - a +0 hand axe of chaos (weapon) {Nakurtum}
 j - a +1 mace of holy wrath (offhand) {Septimus}
Missiles
 c - 5 curare-tipped darts
 l - 9 poisoned darts (quivered)
 w - a throwing net
Armour
 h - a +0 pair of boots (worn)
 o - a +0 cloak (worn)
 q - a +0 chain mail (worn)
Magical Staves
 f - a staff of conjuration
 s - a staff of alchemy
Talismans
 r - a maw talisman
Scrolls
 d - a scroll of blinking {unknown}
 g - a scroll of vulnerability
 k - a scroll of immolation {unknown}
 m - a scroll of fog
 t - a scroll of poison
 u - a scroll of revelation
 v - a scroll of noise {unknown}
Potions
 e - a potion of brilliance
 p - a potion of enlightenment


   Skills:
 * Level 4.0 Fighting
 * Level 4.1(4.3) Axes
 + Level 1.4(2.8) Polearms
 * Level 3.0 Armour
 * Level 2.5 Dodging
 + Level 1.2 Stealth
 + Level 1.1 Spellcasting
 + Level 1.4 Alchemy
 + Level 1.6 Evocations


You had 4 spell levels left.
You knew the following spells:

 Your Spells              Type           Power      Damage    Failure   Level
a - Fugue of the Fallen   Necr           0%         N/A       100%        3

Your spell library contained the following spells:

 Spells                   Type           Power      Damage    Failure   Level
 Ensorcelled Hibernation  Hex/Ice        0%         N/A       100%        2
 Ozocubu's Armour         Ice            0%         N/A       100%        3
 Anguish                  Hex/Necr       0%         N/A       100%        4
 Manifold Assault         Tloc           0%         N/A       100%        4


Dungeon Overview and Level Annotations

Branches:
Dungeon (5/15)             Temple (1/1) D:4

Altars:
Ashenzari
Dithmenos
Fedhas
Gozag
Kikubaaqudgha
Makhleb
Qazlal
Ru
Trog
Uskayaw
Vehumet
Wu Jian
Yredelemnul
Zin
The Shining One

Shops:
D:3 (


Innate Abilities, Weirdness & Mutations

You can wield a second weapon in your off-hand.
It takes a long time for you to wield or remove held weapons.
Your first few attacks do less damage.
You cannot equip rings or amulets.
You have a pair of small antennae on your head.
You are resistant to electric shocks. (rElec)


Message History

You take 11 damage, and have 35/48 hp.
MASSIVE DAMAGE!!
You feel very sick.
A gnoll bouda comes into view. It is wielding a +0 club.
You take 3 damage, and have 32/48 hp.
You feel very sick.
The gnoll bouda barks out a call to the hunt!
The gnoll picks up the pace!
The water moccasin bites you but does no damage.
You take 2 damage, and have 30/48 hp.
You feel sick.
The water moccasin attacks as it pursues you!
The water moccasin bites you.
You are more poisoned.
The water moccasin poisons you!
You take 8 damage, and have 22/48 hp.
You feel very sick.
You take 3 damage, and have 19/48 hp.
You feel very sick. The water moccasin bites you.
There is a stone staircase leading up here.
You take 3 damage, and have 16/48 hp.
It was a potion of attraction.
You feel attractive to monsters.
Xom roars with laughter!
You feel very sick. The water moccasin bites you.
* * * LOW HITPOINT WARNING * * *
You are lethally poisoned!
The water moccasin poisons you!
The gnoll bouda is attracted toward you.
You take 7 damage, and have 9/48 hp.
As you read the scroll of summoning, it crumbles to dust.
Wisps of shadow whirl around you...
* * * LOW HITPOINT WARNING * * *
You feel very sick. The scorpion stings you.
* * * LOW HITPOINT WARNING * * *
The water moccasin bites you.
You die...
Xom snickers!

#.#...###### .
#.........?#..
#..)#.##..#...
####..ยง)........#
.................#
.#####.g.........#
##.J...s.......#
#...gSs........#
#...S@.#######..
.....###S# . .....
#.# .... #.# ..
... #.# #.# ..


You could see a water moccasin (ally target), a gnoll bouda (ally target), a
scorpion (ally target), a gnoll (swift), a friendly scorpion (summoned), a
friendly jelly (summoned) and 2 friendly adders.

Vanquished Creatures
  An ogre (D:4)
  A phantom (D:3)
  A hound (D:4)
  3 iguanas (D:4)
  2 gnolls (D:5)
  5 adders
  2 dart slugs (D:1)
  7 orcs
  2 endoplasms
  A giant cockroach (D:1)
  9 goblins
  9 hobgoblins
  10 jackals
  6 kobolds
  4 quokkas
  4 ball pythons
  5 bats
  3 frilled lizards
  4 rats
79 creatures vanquished.

Vanquished Creatures (collateral kills)
  A bat (D:1)
  A hobgoblin (D:1)
2 creatures vanquished.

Vanquished Creatures (others)
  An iguana (D:4)
  A ball python zombie (D:1)
2 creatures vanquished.

Grand Total: 83 creatures vanquished

Notes
Turn   | Place    | Note
-------+----------+-------------------------------------------
     0 | D:1      | ezpacito the Coglin Chaos Knight began the quest for the
                  | Orb.
     0 | D:1      | Reached XP level 1. HP: 18/18 MP: 1/1
   112 | D:1      | Reached skill level 1 in Dodging
   138 | D:1      | Reached XP level 2. HP: 21/24 MP: 2/2
   400 | D:1      | XOM: silly message
   598 | D:1      | Reached XP level 3. HP: 29/29 MP: 3/3
   915 | D:1      | XOM: silly message
  1087 | D:2      | XOM: potion effect (berserk rage)
  1092 | D:2      | Reached XP level 4. HP: 35/35 MP: 4/4
  1519 | D:3      | XOM: cloud trail
  1548 | D:3      | Learned a level 3 spell: Fugue of the Fallen
  1704 | D:3      | Found Hape's Antique Weapon Boutique.
  1709 | D:3      | XOM is BORED!
  1709 | D:3      | XOM: silly message
  1915 | D:3      | Found an ancient bone altar of Kikubaaqudgha.
  1965 | D:3      | XOM: give mutations
  1965 | D:3      | Gained mutation: You are resistant to electric shocks.
                  | (rElec) [Xom's grace]
  1965 | D:3      | Gained mutation: You have a pair of small antennae on your
                  | head. [Xom's grace]
  2019 | D:3      | Noticed a phantom
  2025 | D:3      | XOM: confuse monster(s)
  2026 | D:3      | Killed a phantom
  2027 | D:3      | Reached skill level 1 in Polearms
  2027 | D:3      | Reached XP level 5. HP: 38/41 MP: 4/6
  2261 | D:3      | XOM: summons 3 hostile shadow creatures
  2364 | D:4      | Reached skill level 1 in Evocations
  2399 | D:4      | Noticed an ogre
  2401 | D:4      | XOM: divination: magic mapping
  2417 | D:4      | Reached skill level 1 in Stealth
  2417 | D:4      | Reached skill level 1 in Alchemy
  2417 | D:4      | Reached XP level 6. HP: 17/48 MP: 7/7
  2420 | D:4      | Reached skill level 1 in Spellcasting
  2469 | D:4      | XOM: 1-stop teleportation journey
  2988 | D:4      | Found a staircase to the Ecumenical Temple.
  3125 | Temple   | Entered the Ecumenical Temple
  3139 | D:5      | Entered Level 5 of the Dungeon
  3157 | D:5      | Noticed a water moccasin
  3169 | D:5      | Slain by a water moccasin

Illustrated notes

Levels and vault maps discovered:
D:1:      zelgadis_glass_arrival_small, layout_loops_corners
D:2:      layout_basic
D:3:      layout_basic, kiku_gazebo_garden_becter, serial_shops,
          nicolae_shop_behind_doors, wander_ebering_terrifying_dragon_lair
D:4:      layout_basic, minmay_temple_entry_overgrown
D:5:      layout_rooms, grunt_temple_overflow_open, ebering_ghost_rock_garden,
          grunt_ministairs_4, hangedman_minor_gate_pass
Temple:   nicolae_temple_superstar

Skill      XL: |  1  2  3  4  5  6 |
---------------+-------------------+-----
Dodging        | 1 2 |  2.5
Armour         | 2 3 |  3.0
Polearms       | 1 |  1.4
Evocations     | 1 |  1.6
Stealth        | 1 |  1.2
Alchemy        | 1 |  1.4
Spellcasting   | 1 |  1.1
Axes           | 4 |  4.1
Fighting       | 4 |  4.0

Action                     |  1- 3 |  4- 6 || total
---------------------------+-------+-------++-------
  Melee: Hand axe          |    64 |    82 ||   146
         Dagger            |    38 |       ||    38
         Mace              |    15 |    80 ||    95
    Use: Scroll            |     3 |    11 ||    14
         Potion            |       |     6 ||     6
   Stab: Sleeping          |     1 |     4 ||     5
 Armour: Leather armour    |    40 |    53 ||    93
         Chain mail        |       |    18 ||    18
  Dodge: Dodged            |    36 |    70 ||   106

Table legend: (Time is in decaauts)
 A = Elapsed time spent in this place.
 B = Non-inter-level travel time spent in this place.
 C = Inter-level travel time spent in this place.
 D = Time resting spent in this place.
 E = Time spent auto-exploring this place.
 F = Levels seen in this place.
 G = Mean time per level.
                   A        B        C        D        E       F      G
               +--------+--------+--------+--------+--------+-----+--------+
         Total |   3183 |   2976 |    207 |     88 |   2260 |   6 |  530.5 |
       Dungeon |   3181 |   2975 |    206 |     88 |   2260 |   5 |  636.2 |
        Temple |      1 |      1 |      0 |      0 |      0 |   1 |    1.0 |
               +--------+--------+--------+--------+--------+-----+--------+

Top non-repeatable levels by time:
     D:1: 973 daAuts
     D:4: 823 daAuts
     D:3: 803 daAuts
     D:2: 550 daAuts
     D:5: 30 daAuts
  Temple: 1 daAuts
